 Dungeon Crawl Stone Soup version 0.22.1-6-g1668fe2 (webtiles) character file.

649 doot the Firebug (level 7, -1/58 HPs)
             Began as a Naga Fire Elementalist on Jan 19, 2019.
             Slain by a centaur (10 damage)
             ... on level 5 of the Dungeon.
             The game lasted 00:16:12 (4398 turns).

doot the Firebug (Naga Fire Elementalist)           Turns: 4398, Time: 00:16:13

Health: -1/58      AC:  3    Str: 10    XL:     7   Next: 53%
Magic:  2/13       EV: 10    Int: 23    God:
Gold:   189        SH:  0    Dex: 11    Spells: 3/14 levels left

rFire    . . .     SeeInvis +   x - +0 long sword
rCold    + . .     Gourm    .   (no shield)
rNeg     . . .     Faith    .   a - +0 robe
rPois    +         Spirit   .   (no helmet)
rElec    .         Reflect  .   (no cloak)
rCorr    .         Harm     .   (no gloves)
MR       .....                  (no barding)
Stlth    ++........             y - amulet of regeneration
HPRegen  0.59/turn              s - ring of protection from cold
MPRegen  0.13/turn              (no ring)

@: brilliant, short of breath, very slow
A: large, see invisible, deformed body, poison resistance, slowness 2, slow
metabolism 1, spit poison 1, AC +2
a: Spit Poison


You were on level 5 of the Dungeon.
You were hungry.

You visited 1 branch of the dungeon, and saw 5 of its levels.

You collected 189 gold pieces.

Inventory:

Hand Weapons
 j - a +0 dagger
 k - a +0 hand axe
 o - a +0 spear
 p - a +0 flail
 w - a +0 falchion
 x - a +0 long sword (weapon)
 B - a +0 halberd
 C - a +2 falchion of holy wrath
Missiles
 f - 8 javelins (quivered)
Armour
 a - a +0 robe (worn)
Jewellery
 s - a ring of protection from cold (left hand)
 y - an amulet of regeneration (around neck)
Scrolls
 b - 2 scrolls of remove curse {unknown}
 d - a scroll of teleportation {unknown}
 e - 4 scrolls of identify {unknown}
 g - 3 scrolls of magic mapping {unknown}
 h - 2 scrolls of enchant armour {unknown}
 l - 2 scrolls of enchant weapon {unknown}
 m - a scroll of fear {unknown}
 v - a scroll of fog {unknown}
Potions
 i - a potion of brilliance
 n - a potion of haste {unknown}
 q - a potion of ambrosia {unknown}
 r - a potion of agility {unknown}
 u - a potion of heal wounds {unknown}
 z - a potion of degeneration {unknown}
 A - a potion of flight {unknown}
Comestibles
 c - 9 rations


   Skills:
 + Level 1.7 Fighting
 + Level 1.2 Long Blades
 + Level 0.6 Maces & Flails
 + Level 2.4 Dodging
 + Level 4.0 Stealth
 + Level 4.0 Spellcasting
 + Level 3.6 Conjurations
 + Level 0.1 Hexes
 + Level 5.0 Fire Magic


You had 3 spell levels left.
You knew the following spells:

 Your Spells              Type           Power        Failure   Level  Hunger
a - Flame Tongue          Conj/Fire      #####        1%          1    None
b - Sticky Flame          Conj/Fire      #####...     2%          4    ####...
c - Conjure Flame         Conj/Fire      #####...     1%          3    ##.....
d - Inner Flame           Hex/Fire       ####....     1%          3    ##.....

Your spell library contained the following spells:

 Spells                   Type           Power        Failure   Level  Hunger
 Throw Flame              Conj/Fire      #####.       1%          2    #......
 Fireball                 Conj/Fire      #####.....   5%          5    ######.


Dungeon Overview and Level Annotations

Branches:
Dungeon (5/15)
 Temple: D:4-7

Altars:
Xom

Shops:
D:4 *

Annotations:
D:4 Blork the orc, Natasha, Robin


Innate Abilities, Weirdness & Mutations

You cannot wear boots.
Your serpentine skin is tough. (AC +2)
You have supernaturally acute eyesight. (SInv)
Armour fits poorly on your strangely shaped body.
Your system is resistant to poisons. (rPois)
You cover ground very slowly.
You have a slow metabolism.
You can spit poison.


Message History

The centaur unwields an uncursed shortbow.
The centaur closely misses you. The centaur hits you.
* * * LOW HITPOINT WARNING * * *
Press: ? - help, Shift-Dir - straight line, f - centaur
Aim: a centaur The splash of poison hits the centaur.
The centaur is heavily wounded.
You feel slightly more hungry. The centaur hits you.
* * * LOW HITPOINT WARNING * * *
You closely miss the centaur.
The centaur is heavily wounded.
The centaur hits you.
* * * LOW HITPOINT WARNING * * *
The centaur closely misses you.
It was a potion of brilliance.
You feel clever all of a sudden. The centaur hits you.
* * * LOW HITPOINT WARNING * * *
The centaur hits you!
You die...

##############.##
#...............#
........#
#.###############
.oM.....# #.# ...o....#
#.# ........# #.#
........# #.# .......$#
#(#
........######@#########
..........)...c........#
.###.#.#######.#######.#
#. #.# #.# #. #.# #.# #.
#.# #.# ..
####.#######.# #.
.............##### #.
###....(.........#


You could see a centaur.

Vanquished Creatures
  Menkaure (D:5)
  A bullfrog (D:5)
  A howler monkey (D:4)
  An orc wizard (D:4)
  2 hounds
  A bullfrog skeleton (D:4)
  A centaur skeleton (D:4)
  2 worker ants
  4 gnolls
  8 adders
  An ooze (D:1)
  An adder zombie (D:4)
  An adder skeleton (D:4)
  2 worms (D:2)
  3 dart slugs
  A leopard gecko (D:3)
  11 orcs
  2 ball pythons
  6 giant cockroaches
  11 goblins
  9 hobgoblins
  4 jackals (D:4)
  6 kobolds
  7 bats
  8 frilled lizards
  A leopard gecko skeleton (D:4)
  10 rats
106 creatures vanquished.

Notes
Turn   | Place    | Note
-------+----------+-------------------------------------------
     0 | D:1      | doot the Naga Fire Elementalist began the quest for the
                  | Orb.
     0 | D:1      | Reached XP level 1. HP: 15/15 MP: 3/3
   107 | D:1      | Reached XP level 2. HP: 19/22 MP: 5/5
   788 | D:1      | Reached XP level 3. HP: 28/28 MP: 4/6
  1117 | D:2      | Reached skill level 4 in Fire Magic
  1299 | D:2      | Reached XP level 4. HP: 8/36 MP: 0/7
  1305 | D:2      | Learned a level 4 spell: Sticky Flame
  1956 | D:2      | Reached XP level 5. HP: 31/43 MP: 2/8
  1963 | D:2      | Learned a level 3 spell: Conjure Flame
  2115 | D:2      | Found a shimmering altar of Xom.
  2622 | D:4      | Reached XP level 6. HP: 44/50 MP: 5/10
  2719 | D:4      | Found Wuosioch's General Store.
  2719 | D:4      | Noticed Blork the orc
  2719 | D:4      | Noticed Natasha
  2722 | D:5      | Entered Level 5 of the Dungeon
  3002 | D:4      | Reached skill level 1 in Fighting
  3458 | D:4      | Learned a level 3 spell: Inner Flame
  3597 | D:4      | Noticed Robin
  4148 | D:4      | Reached XP level 7. HP: 40/57 MP: 2/12
  4269 | D:5      | Reached skill level 1 in Long Blades
  4371 | D:5      | Noticed Menkaure
  4394 | D:5      | Killed Menkaure
  4394 | D:5      | Reached skill level 5 in Fire Magic
  4398 | D:5      | Slain by a centaur

Skill      XL: |  1  2  3  4  5  6  7 |
---------------+----------------------+-----
Fire Magic     | 4 5 |  5.0
Conjurations   | 2 3 |  3.6
Spellcasting   | 3 4 |  4.0
Fighting       | 1 |  1.7
Dodging        | 2 |  2.4
Long Blades    | 1 |  1.2
Stealth        | 4 |  4.0
Maces & Flails | |  0.6
Hexes          | |  0.1

Action                   |  1- 3 |  4- 6 |  7- 9 || total
-------------------------+-------+-------+-------++-------
Melee: Unarmed           |     3 |       |       ||     3
       Hand axe          |       |     5 |       ||     5
       Flail             |       |    10 |       ||    10
       Long sword        |       |    30 |     2 ||    32
 Cast: Flame Tongue      |    53 |    84 |    10 ||   147
       Sticky Flame      |       |     8 |     1 ||     9
       Conjure Flame     |       |     1 |     2 ||     3
       Inner Flame       |       |     1 |       ||     1
 Abil: Spit Poison       |    23 |    20 |     3 ||    46
  Use: Potion            |       |       |     1 ||     1
  Eat: Chunk             |     2 |    11 |     1 ||    14
Armor: Robe              |     7 |    30 |       ||    37
Dodge: Dodged            |    29 |    67 |     3 ||    99
       Rpst.: Long sword |       |    16 |     1 ||    17
